 Dungeon Crawl Stone Soup version 0.21.1-1-g345015f (webtiles) character file.

39 theblackcape the Insei (level 3, -1/26 HPs)
             Began as a Demonspawn Transmuter on June 4, 2018.
             Slain by a worm (10 damage)
             ... on level 2 of the Dungeon.
             The game lasted 00:05:28 (1081 turns).

theblackcape the Insei (Demonspawn Transmuter)      Turns: 1081, Time: 00:05:29

Health: -1/26      AC:  2    Str: 10    XL:     3   Next: 28%
Magic:  5/6        EV: 13    Int: 14    God:
Gold:   116        SH:  0    Dex: 14    Spells: 6/7 levels left

rFire    . . .     SeeInvis .     - Unarmed
rCold    + . .     Gourm    +   (no shield)
rNeg     . . .     Faith    .   b - +0 robe
rPois    .         Spirit   .   (helmet restricted)
rElec    .         Reflect  .   (no cloak)
rCorr    .         Harm     .   (no gloves)
MR       .....                  (boots currently unavailable)
Stlth    +.........             e - amulet of the gourmand
HPRegen  0.08/turn              (no ring)
MPRegen  0.10/turn              (no ring)

@: appendage (expiring)
A: horns 1, talons 3, cold resistance 1
a: End Transformation


You were on level 2 of the Dungeon.
You were full.
You had grown temporary talons.
You visited 1 branch of the dungeon, and saw 2 of its levels.

You collected 116 gold pieces.

Inventory:

Missiles
 a - 12 arrows
Armour
 b - a +0 robe (worn)
Jewellery
 e - an amulet of the gourmand (around neck)
Scrolls
 f - 3 scrolls of noise {unknown}
 g - 3 scrolls of enchant armour {unknown}
 j - a scroll of magic mapping {unknown}
Potions
 h - a potion of lignification {unknown}
 i - 2 potions of flight {unknown}
 k - a potion of curing {unknown}
 l - a potion of haste {unknown}
 m - a potion of might {unknown}
Books
 c - a book of Changes

   Spells                             Type                      Level
   a - Beastly Appendage              Transmutation                1
   b - Sticks to Snakes               Transmutation                2
   c - Spider Form                    Transmutation/Poison         3
   d - Ice Form                       Ice/Transmutation            4
   e - Blade Hands                    Transmutation                5
Comestibles
 d - 3 rations


   Skills:
 + Level 1.0 Fighting
 + Level 2.5 Dodging
 + Level 0.1 Stealth
 - Level 2.6 Unarmed Combat
 + Level 2.6 Spellcasting
 + Level 2.1 Transmutations


You had 6 spell levels left.
You knew the following spells:

 Your Spells              Type           Power        Failure   Level  Hunger
a - Beastly Appendage     Tmut           #.....       10%         1    #......


Dungeon Overview and Level Annotations

Branches:
Dungeon (2/15)

Altars:

Annotations:
D:2 Jessica


Innate Abilities, Weirdness & Mutations

You have a pair of small horns on your head.
Your flesh is cold resistant. (rC+)
You have claws for feet.


Message History

Casting: Beastly Appendage
Confirm with . or Enter, or press ? or * to list all spells.
Your feet morph into talons.
Jessica completely misses you.
You closely miss Jessica. Your headbutt misses Jessica.
Jessica is heavily wounded.
Jessica hits you with a dagger. The worm bites you!
You barely miss Jessica.
Jessica is moderately wounded.
Jessica mumbles some strange words.
Jessica blinks!
You barely miss the worm. The worm bites you but does no damage.
Jessica misses you.
You hit the worm but do no damage. You claw the worm.
The worm is lightly wounded.
Your transformation is almost over.
Jessica closely misses you.
You barely miss the worm. You claw the worm.
The worm is moderately wounded.
The worm bites you!
You die...

...........#>...(..#
.##.###.####..#...##
....# #.# #...##.## .####
#.# #...##.# .####
#.###...##.# .##.# #..
.... #.# .....
######.###.# ....#
#........@w####.##
###.###.###.....@ยง%...[.
# #....(.....########.##
###.###..)(.(# ....#
#####..# ....# #.)# ##..#
#..# ..... #..# ##..###
#..# #..# #..#


You could see a worm and Jessica.

Vanquished Creatures
  2 dart slugs (D:1)
  2 ball pythons (D:1)
  7 bats (D:1)
  A giant cockroach (D:1)
  7 goblins
  4 hobgoblins (D:1)
  4 kobolds (D:1)
  A quokka (D:2)
  2 frilled lizards (D:1)
  3 rats (D:1)
33 creatures vanquished.

Vanquished Creatures (others)
  5 toadstools (D:1)
5 creatures vanquished.

Grand Total: 38 creatures vanquished

Notes
Turn   | Place    | Note
-------+----------+-------------------------------------------
     0 | D:1      | theblackcape the Demonspawn Transmuter began the quest for the Orb.
     0 | D:1      | Reached XP level 1. HP: 15/15 MP: 3/3
    56 | D:1      | Gained mutation: Your flesh is cold resistant. (rC+) [demonic ancestry]
    56 | D:1      | Reached XP level 2. HP: 5/21 MP: 5/5
   770 | D:1      | Gained mutation: You have a pair of small horns on your head. [demonic ancestry]
   770 | D:1      | Reached XP level 3. HP: 19/26 MP: 4/6
  1070 | D:2      | Noticed Jessica
  1081 | D:2      | Slain by a worm

Skill      XL: |  1  2 |
---------------+-------+-----
Dodging        | 2 |  2.5
Transmutations | 2 |  2.1
Fighting       | |  1.0
Stealth        | |  0.1
Unarmed Combat | |  2.6
Spellcasting   | |  2.6

Action                   || total
-------------------------++-------
Melee: Unarmed           ||   105
       Headbutt          ||     9
       Kick              ||     7
 Cast: Beastly Appendage ||    20
 Stab: Sleeping          ||     2
  Eat: Chunk             ||     8
Armor: Robe              ||    23
Dodge: Dodged            ||    82
